 Dungeon Crawl Stone Soup version 0.28-a0-194-g42b4daccc1 (webtiles) character file.

Game seed: 9552156362505375767

4100 timneilson the Protected (level 10, -7/61 HPs)
             Began as a Gargoyle Fighter on Aug 18, 2021.
             Was a Follower of Okawaru.
             Mangled by a boulder beetle (17 damage)
             ... on level 7 of the Dungeon.
             The game lasted 00:16:16 (8438 turns).

timneilson the Protected (Gargoyle Fighter)         Turns: 8438, Time: 00:16:16

Health: -7/61      AC: 24    Str: 24    XL:     10   Next: 26%
Magic:  0/11       EV:  7    Int:  8    God:    Okawaru [*.....]
Gold:   406        SH: 11    Dex:  9    Spells: 9/9 levels left

rFire   . . .      SeeInvis .   d - +2 scimitar
rCold   . . .      Faith    .   c - +1 kite shield
rNeg    + . .      Spirit   +   g - +0 chain mail
rPois   ∞          Reflect  .   w - +1 helmet
rElec   +          Harm     .   (no cloak)
rCorr   .          Rampage  .   (no gloves)
Will    .....                   (no boots)
Stlth   ..........              b - amulet of guardian spirit
HPRegen 0.20/turn               h - +4 ring of protection
MPRegen 0.12/turn               (no ring)

@: no status effects
A: sickness immunity, AC +7, negative energy resistance 1, electricity
resistance, torment resistance 1, petrification resistance
a: Renounce Religion, Heroism


You were on level 7 of the Dungeon.
You worshipped Okawaru.
Okawaru was aware of your devotion.
You visited 2 branches of the dungeon, and saw 8 of its levels.
You also visited: Sewer and Ossuary.

You collected 406 gold pieces.

Inventory:

Hand Weapons
 a - a +1 long sword
 d - a +2 scimitar (weapon)
Armour
 c - a +1 kite shield (worn)
 g - a +0 chain mail (worn)
 u - a +0 plate armour
 w - a +1 helmet (worn)
Jewellery
 b - an amulet of guardian spirit (around neck)
 h - a +4 ring of protection (left hand)
Wands
 e - a wand of flame (15)
Scrolls
 n - 2 scrolls of enchant armour
 o - 4 scrolls of fog
 p - a scroll of teleportation
 q - 3 scrolls of enchant weapon
 t - 3 scrolls of identify
Potions
 f - 2 potions of heal wounds
 i - a potion of mutation
 j - 4 potions of attraction
 k - a potion of invisibility
 l - 4 potions of brilliance
 m - a potion of magic
 r - 2 potions of haste
 s - 2 potions of resistance
 x - 3 potions of curing


   Skills:
 + Level 6.5 Fighting
 * Level 6.9 Long Blades
 * Level 8.8 Armour
 * Level 8.6 Shields
 + Level 2.2 Invocations
 + Level 3.8 Evocations


You had 9 spell levels left.
You didn't know any spells.
Your spell library contained the following spells:

 Spells                   Type           Power      Damage    Failure   Level
 Foxfire                  Conj/Fire      0%         2x1d4     99%         1
 Passwall                 Tmut/Erth      0%         N/A       100%        2
 Conjure Flame            Conj/Fire      0%         6-21      100%        3
 Inner Flame              Hex/Fire       0%         N/A       100%        3
 Portal Projectile        Hex/Tloc       0%         N/A       100%        3
 Swiftness                Air            0%         N/A       100%        3
 Leda's Liquefaction      Hex/Erth       0%         N/A       100%        4
 Invisibility             Hex            0%         N/A       100%        6
 Call Canine Familiar     Summ           Unusable   N/A       N/A         3

Dungeon Overview and Level Annotations

Branches:
Dungeon (7/15)             Temple (1/1) D:7           Sewer (visited)
Ossuary (visited)

Altars:
Dithmenos
Fedhas
Gozag
Hepliaklqana
Kikubaaqudgha
Makhleb
Nemelex Xobeh
Okawaru
Qazlal
Ru
Sif Muna
Trog
Uskayaw
Vehumet
Wu Jian
Xom
Zin
The Shining One

Shops:
D:2 !   D:4 *   D:7 :

Annotations:
D:3 1 runed translucent door, loansindi's ghost, amateur GrFi


Innate Abilities, Weirdness & Mutations

You are immune to sickness and miasma.
Your stone body is resilient. (AC +7)
You are immune to poison.
You resist negative energy. (rN+)
You are resistant to electric shocks. (rElec)
You are resistant to unholy torment.
You are immune to petrification.


Message History

The bullfrog is almost dead.
The bullfrog hits you but does no damage.
The boulder beetle curls into a ball and begins rolling!
The bullfrog closely misses you.
You closely miss the bullfrog.
The bullfrog is almost dead.
The bullfrog completely misses you. You block the bullfrog's attack.
You closely miss the bullfrog.
The bullfrog is almost dead.
The bullfrog swells and bulges.
The bullfrog hits you but does no damage.
You hit the bullfrog.
You kill the bullfrog!
Okawaru accepts your kill.
The killer bee stings you but does no damage.
The boulder beetle stops rolling and uncurls.
You slash the killer bee!
You kill the killer bee!
Okawaru accepts your kill. The boulder beetle bites you!
You hit the boulder beetle but do no damage.
The boulder beetle is lightly wounded.
The boulder beetle leaps!
The boulder beetle bites you.
You see here a killer bee corpse.
You hit the boulder beetle but do no damage.
The boulder beetle is lightly wounded.
The boulder beetle barely misses you.
You riposte.
You hit the boulder beetle.
The boulder beetle is lightly wounded.
You completely miss the boulder beetle.
The boulder beetle is lightly wounded.
The boulder beetle bites you but does no damage.
You slash the boulder beetle!
The boulder beetle is lightly wounded.
The boulder beetle bites you!!
* * * LOW HITPOINT WARNING * * *
Your chain mail prevents you from hitting the boulder beetle.
The boulder beetle is lightly wounded.
The boulder beetle bites you!!
You die...

..# #............# #.......###
..# ##...........# #......###.
..# ###....^....#####..##..###.
..#####.............##....#..#...
#...##..............##...........
...##........#################...
...##..#.....#...#### ##..
....#..##....#.♣B'..# ##..
......###....#.♣@#○.$+ #...
.....##......#.♣.###### #...
.............#........# ####
........[....########.# ## #
.......####### ♣.♣♣.♣♣.♣ ####
.......#♣♣.♣♣ ♣.♣.♣.♣ #.♣.
.......#♣..)♣# ♣...♣ #..♣
.......#.#'#.# ♣.♣.♣.♣ #...
.......#.#.#.# ♣.♣♣[♣♣.♣ #.♣.


You could see a boulder beetle.

Vanquished Creatures
  A two-headed ogre (D:7)
  A slime creature (D:7)
  3 steam dragons (D:7)
  Menkaure (D:5)
  A water moccasin (D:7)
  A black bear (D:7)
  A necrophage (D:6)
  3 ice beasts (D:7)
  An ogre (D:5)
  A phantom (D:5)
  A kobold brigand (D:7)
  3 elf zombies (Ossuary)
  3 bullfrogs
  A wyvern zombie (D:7)
  A scorpion (D:5)
  2 wyvern skeletons
  A killer bee (D:7)
  10 wights (D:7)
  A howler monkey (D:4)
  4 centaur zombies
  3 human zombies (Ossuary)
  2 jellies
  4 hounds
  An iguana (D:7)
  3 orc wizards (D:7)
  A killer bee zombie (D:5)
  A hound skeleton (D:5)
  2 mummies (Ossuary)
  16 adders
  4 river rats (Sewer)
  A white imp (D:7)
  2 ufetubi (D:4)
  An adder skeleton (D:4)
  A worm (D:3)
  8 orcs
  A bat zombie (D:7)
  7 endoplasms
  3 giant cockroaches
  6 goblins
  6 hobgoblins
  4 jackals (D:1)
  14 kobolds
  4 quokkas
  13 ball pythons
  6 bats
  8 frilled lizards
  A goblin zombie (Ossuary)
  10 hobgoblin zombies (Ossuary)
  A jackal zombie (Ossuary)
  9 kobold zombies (Ossuary)
  5 orc zombies (Ossuary)
  28 rats
  4 rat zombies
221 creatures vanquished.

Vanquished Creatures (others)
  An orc wizard (D:7)
  2 withered plants (D:3)
3 creatures vanquished.

Grand Total: 224 creatures vanquished

Notes
Turn   | Place    | Note
-------+----------+-------------------------------------------
     0 | D:1      | timneilson the Gargoyle Fighter began the quest for the
                  | Orb.
     0 | D:1      | Reached XP level 1. HP: 14/14 MP: 1/1
   280 | D:1      | Reached XP level 2. HP: 19/19 MP: 2/2
   884 | D:1      | Found a faded altar of an unknown god.
  1065 | D:2      | Reached XP level 3. HP: 21/23 MP: 3/3
  1455 | D:2      | Reached XP level 4. HP: 28/28 MP: 4/4
  1581 | D:2      | Found Peqahenk's Distillery.
  2142 | D:3      | Found a runed translucent door.
  2142 | D:3      | Noticed loansindi's ghost (amateur GrFi)
  2480 | D:3      | Found an opulent altar of Gozag.
  2582 | D:3      | Reached XP level 5. HP: 33/33 MP: 5/5
  2652 | D:3      | Found a burning altar of Makhleb.
  2983 | D:4      | Found a glowing drain.
  2992 | Sewer    | Entered a sewer
  3689 | Sewer    | Reached XP level 6. HP: 34/38 MP: 4/6
  3697 | Sewer    | Reached skill level 5 in Armour
  3708 | Sewer    | Reached skill level 5 in Shields
  4062 | D:4      | Reached XP level 7. HP: 44/44 MP: 7/7
  4129 | D:4      | Found Bevitysch's General Store.
  4936 | D:5      | Entered Level 5 of the Dungeon
  5021 | D:5      | Found a sand-covered staircase.
  5029 | Ossuary  | Entered an ossuary
  5148 | Ossuary  | Reached skill level 1 in Evocations
  5253 | Ossuary  | Reached XP level 8. HP: 47/48 MP: 8/8
  5578 | Ossuary  | Reached skill level 5 in Fighting
  5714 | D:5      | Noticed Menkaure
  5723 | D:5      | Killed Menkaure
  5918 | D:5      | Reached skill level 5 in Long Blades
  6559 | D:6      | Found a hide-covered altar of Uskayaw.
  6806 | D:7      | Reached XP level 9. HP: 30/54 MP: 6/9
  7244 | D:7      | Found a radiant altar of Vehumet.
  7249 | D:7      | Found Senysma's Book Shop.
  7430 | D:7      | Found a staircase to the Ecumenical Temple.
  7439 | Temple   | Entered the Ecumenical Temple
  7522 | Temple   | Became a worshipper of Warmaster Okawaru
  7917 | D:7      | Found an ancient bone altar of Kikubaaqudgha.
  7987 | D:7      | Reached skill level 1 in Invocations
  8286 | D:7      | Noticed a two-headed ogre
  8303 | D:7      | Killed a two-headed ogre
  8303 | D:7      | Reached * piety under Okawaru
  8304 | D:7      | Reached XP level 10. HP: 22/61 MP: 2/11
  8400 | D:7      | Noticed a boulder beetle
  8438 | D:7      | Mangled by a boulder beetle

Illustrated notes

Levels and vault maps discovered:
D:1:      nagdon_arrival_double_spiral, layout_basic, basic_ecumenical_altar
D:2:      layout_loops_ring, serial_shops, nicolae_shop_waterfront,
          minmay_cut_off
D:3:      layout_loops_ring, lemuel_crystal_altar, mainiacjoe_overflow_24_doors,
          gammafunk_ghost_grave
D:4:      layout_layer_cave, portal_sewer_entry_d, serial_shops, shop,
          eino_small_chamber_without_monster, kennysheep_big_empty_room,
          minivault_19
D:5:      layout_rooms, enter_ossuary_1, minmay_fountain_box, uniq_menkaure
D:6:      cheibrodos_iron_armory, layout_loops_ring,
          eat_drink_and_be_merry_uskayaw
D:7:      nzn_winding_woodlands_stair_cross
          [nzn_winding_woodlands_5x15_longhouse,
          nzn_winding_woodlands_center_garden, nzn_winding_woodlands_5x15_pool,
          nzn_winding_woodlands_hourglass, nzn_winding_woodlands_5x5_three,
          nzn_winding_woodlands_5x15_split_checker,
          nzn_winding_woodlands_center_lodge,
          nzn_winding_woodlands_5x15_pockets], layout_cave_pools,
          vehumet_crystals, lemuel_zombie_altar_kikubaaqudgha, temple_statues,
          serial_shops, nicolae_shop_trees
Temple:   nicolae_temple_figure_eight

Skill      XL: |  1  2  3  4  5  6  7  8  9 |
---------------+----------------------------+-----
Long Blades    | 2 3 4 5 6 |  6.9
Armour         | 4 5 6 7 8 |  8.8
Shields        | 4 5 7 8 |  8.6
Fighting       | 4 5 6 |  6.5
Evocations     | 1 2 3 |  3.8
Invocations    | 2 |  2.2

Action                   |  1- 3 |  4- 6 |  7- 9 | 10-12 || total
-------------------------+-------+-------+-------+-------++-------
Melee: Long sword        |    94 |   282 |   441 |       ||   817
       Scimitar          |       |       |   120 |    45 ||   165
  Use: Scroll            |     1 |    14 |     5 |       ||    20
       Potion            |       |     1 |     5 |     1 ||     7
 Stab: Invisible         |       |       |     4 |       ||     4
Armor: Scale mail        |    72 |    45 |       |       ||   117
       Chain mail        |       |   190 |   360 |    28 ||   578
       Skin              |       |   157 |       |       ||   157
Dodge: Dodged            |    34 |    94 |   154 |    21 ||   303
Block: Kite shield       |    56 |   222 |   315 |    20 ||   613
       Rpst.: Long sword |    11 |    24 |    29 |       ||    64
       Scimitar          |       |       |    15 |     7 ||    22

Table legend: (Time is in decaauts)
 A = Elapsed time spent in this place.
 B = Non-inter-level travel time spent in this place.
 C = Inter-level travel time spent in this place.
 D = Time resting spent in this place.
 E = Time spent auto-exploring this place.
 F = Levels seen in this place.
 G = Mean time per level.
                   A        B        C        D        E       F      G
               +--------+--------+--------+--------+--------+-----+--------+
         Total |   8879 |   8729 |    150 |    313 |   6117 |  10 |  887.9 |
       Dungeon |   6938 |   6799 |    139 |    313 |   4984 |   7 |  991.1 |
        Temple |    283 |    272 |     11 |      0 |    266 |   1 |  283.0 |
         Sewer |   1012 |   1012 |      0 |      0 |    576 |   1 | 1012.0 |
       Ossuary |    644 |    644 |      0 |      0 |    291 |   1 |  644.0 |
               +--------+--------+--------+--------+--------+-----+--------+

Top non-repeatable levels by time:
     D:7: 1472 daAuts
     D:4: 1274 daAuts
     D:2: 1158 daAuts
     D:1: 1050 daAuts
   Sewer: 1012 daAuts
     D:6: 709 daAuts
     D:3: 702 daAuts
 Ossuary: 644 daAuts
     D:5: 571 daAuts
  Temple: 283 daAuts
